 Dungeon Crawl Stone Soup version 0.29-a0-43-g62a80824bf (webtiles) character file.

Game seed: 1402317057371054398

1092 crazypyro the Slasher (level 8, 0/62 HPs)
             Began as a Demonspawn Fighter on Feb 2, 2022.
             Was an Initiate of Gozag.
             Slain by a two-headed ogre (2 damage)
             ... on level 5 of the Dungeon.
             The game lasted 00:05:52 (4523 turns).

crazypyro the Slasher (Demonspawn Fighter)          Turns: 4523, Time: 00:05:53

Health: 0/62       AC: 12    Str: 19    XL:     8   Next: 9%
Magic:  0/8        EV: 10    Int: 10    God:    Gozag
Gold:   492        SH:  0    Dex: 12    Spells: 7/7 levels left

rFire   . . .      SeeInvis .   a - +0 long sword
rCold   . . .      Faith    .   (no shield)
rNeg    . . .      Spirit   +   b - +0 scale mail
rPois   .          Reflect  .   c - +0 helmet
rElec   .          Harm     .   (no cloak)
rCorr   .          Rampage  .   j - +0 pair of gloves
Will    .....                   g - +0 pair of boots
Stlth   ..........              h - amulet of the acrobat
HPRegen 0.20/turn               (no ring)
MPRegen 0.22/turn               (no ring)

@: no status effects
A: slimy green scales 1, powered by death 1, magic shield, magic regeneration,
demonic touch 2
a: Renounce Religion, Potion Petition, Call Merchant, Bribe Branch


You were on level 5 of the Dungeon.
You worshipped Gozag.
Gozag was aware of your devotion.
You visited 1 branch of the dungeon, and saw 6 of its levels.
You also visited: Ossuary.

You collected 551 gold pieces.
You paid 59 gold pieces to Gozag.

Inventory:

Hand Weapons
 a - a +0 long sword (weapon)
Armour
 b - a +0 scale mail (worn)
 c - a +0 helmet (worn)
 g - a +0 pair of boots (worn)
 j - a +0 pair of gloves (worn)
Magical Staves
 i - a staff of fire
Jewellery
 h - an amulet of the acrobat (around neck)
Wands
 l - a wand of polymorph (9)
Scrolls
 d - 2 scrolls of fog {unknown}
 e - 3 scrolls of teleportation
 m - 2 scrolls of identify
 o - a scroll of immolation {unknown}
 p - a scroll of summoning {unknown}
 r - a scroll of fear {unknown}
Potions
 f - a potion of flight
 k - 3 potions of curing
 q - a potion of resistance {unknown}
 s - a potion of berserk rage {unknown}
 t - a potion of ambrosia


   Skills:
 + Level 5.1 Fighting
 * Level 5.5 Long Blades
 + Level 4.5 Armour
 * Level 2.8 Dodging
 - Level 4.0 Shields


You had 7 spell levels left.
You didn't know any spells.
Your spell library contained the following spells:

 Spells                   Type           Power      Damage    Failure   Level
 Blade Hands              Tmut           0%         N/A       100%        5
 Irradiate                Conj/Tmut      0%         3d13      100%        5
 Dragon Form              Tmut           0%         N/A       100%        7


Dungeon Overview and Level Annotations

Branches:
Dungeon (6/15)            Ossuary (visited)
 Temple: D:4-7

Altars:
Cheibriados
Gozag
Nemelex Xobeh
Uskayaw

Shops:
D:1 :**   D:6 (

Annotations:
D:5 Menkaure


Innate Abilities, Weirdness & Mutations

You are partially covered in slimy green scales. (AC +2)
You regenerate a little health from kills.
When hurt, damage is shared between your health and your magic reserves.
You regenerate magic rapidly.
Your touch may inflict irresistible damage on your foes.


Message History

You float gracefully downwards.
Found a fuming orange potion.
You see here a fuming orange potion.
Found a stone staircase leading up.
Found a short sword.
There is a stone staircase leading up here.
You climb upwards.
There is a stone staircase leading down here.
HP restored.
Partly explored, can't reach some places.
You climb downwards.
Level annotation: Menkaure The two-headed ogre closely misses you.
The two-headed ogre hits you with a +0 giant club!!
There is a stone staircase leading up, spattered with blood here.
You hit the two-headed ogre but do no damage.
The two-headed ogre hits you with a +0 giant club!!
The two-headed ogre hits you with a +0 giant club.
You are too injured to fight recklessly!
You hit the two-headed ogre but do no damage.
You touch the two-headed ogre.
The two-headed ogre is lightly wounded.
The two-headed ogre hits you with a +0 giant club!
* * * LOW HITPOINT WARNING * * *
The two-headed ogre hits you with a +0 giant club!
* * * LOW HITPOINT WARNING * * *
You hit the two-headed ogre but do no damage.
You touch the two-headed ogre.
The two-headed ogre is moderately wounded.
You hit the two-headed ogre.
You touch the two-headed ogre.
The two-headed ogre is moderately wounded.
The two-headed ogre barely misses you. x2
You hit the two-headed ogre but do no damage.
The two-headed ogre is moderately wounded.
The two-headed ogre closely misses you. x2
You barely miss the two-headed ogre.
The two-headed ogre is moderately wounded.
The two-headed ogre hits you with a +0 giant club.
You die...
Your body crumbles into a pile of gold.

#.# #.#
###.########.##
#............)
#.....######.#
#............###
#......#.......#
#......#.#...#!#
#..(...# #O..#.#
#......# #@..#.#
#.....O# ###.#.#
######.# ..#O#
#.# ###.#
#.#######.###
#....O......#
#############


You could see a two-headed ogre.

Vanquished Creatures
  Sigmund (D:2)
  An ogre (D:5)
  7 water moccasin zombies (Ossuary)
  A scorpion (D:4)
  A hound (D:4)
  2 bullfrog skeletons (D:4)
  Terence (D:2)
  2 iguanas (D:5)
  A hound skeleton (D:4)
  2 mummies (Ossuary)
  4 gnolls (D:3)
  3 adders
  An ufetubus (D:5)
  4 adder zombies (Ossuary)
  3 worms
  A dart slug (D:2)
  5 orcs
  7 endoplasms
  2 giant cockroaches
  7 goblins
  6 hobgoblins
  4 jackals (D:2)
  8 kobolds
  5 quokkas
  10 ball pythons
  7 bats
  2 frilled lizards
  2 gnoll zombies (Ossuary)
  3 hobgoblin zombies (Ossuary)
  6 kobold zombies (Ossuary)
  3 orc zombies (Ossuary)
  3 rats
115 creatures vanquished.

Vanquished Creatures (others)
  23 plants (D:2)
23 creatures vanquished.

Grand Total: 138 creatures vanquished

Notes
Turn   | Place    | Note
-------+----------+-------------------------------------------
     0 | D:1      | crazypyro the Demonspawn Fighter began the quest for the
                  | Orb.
     0 | D:1      | Reached XP level 1. HP: 18/18 MP: 1/1
   208 | D:1      | Gained mutation: You regenerate magic rapidly. [demonic
                  | ancestry]
   208 | D:1      | Reached XP level 2. HP: 24/24 MP: 2/2
   524 | D:1      | Found a faded altar of an unknown god.
   552 | D:1      | Found Gugius's General Store.
   553 | D:1      | Found Wisch's Assorted Antiques.
   673 | D:1      | Found Ufefaul's Book Shop.
   810 | D:2      | Noticed Sigmund
   823 | D:2      | Killed Sigmund
   824 | D:2      | Reached XP level 3. HP: 3/30 MP: 3/3
   824 | D:2      | Gained mutation: When hurt, damage is shared between your
                  | health and your magic reserves. [demonic ancestry]
   824 | D:2      | Reached XP level 4. HP: 4/37 MP: 4/4
   824 | D:2      | Gained mutation: You are partially covered in slimy green
                  | scales. (AC +2) [demonic ancestry]
   824 | D:2      | Reached XP level 5. HP: 5/42 MP: 5/5
  1313 | D:2      | Noticed Terence
  1324 | D:2      | Killed Terence
  2134 | D:3      | Gained mutation: Your touch may inflict minor irresistible
                  | damage on your foes. [demonic ancestry]
  2134 | D:3      | Reached XP level 6. HP: 24/48 MP: 4/6
  3019 | D:4      | Found a hide-covered altar of Uskayaw.
  3131 | D:4      | Found an opulent altar of Gozag.
  3147 | D:4      | Became a worshipper of Gozag Ym Sagoz the Greedy
  3435 | D:5      | Entered Level 5 of the Dungeon
  3449 | D:5      | Gained mutation: Your touch may inflict irresistible damage
                  | on your foes. [demonic ancestry]
  3449 | D:5      | Reached XP level 7. HP: 55/55 MP: 7/7
  3573 | D:5      | Reached skill level 1 in Dodging
  3584 | D:5      | Found a sand-covered staircase.
  3598 | Ossuary  | Entered an ossuary
  3707 | Ossuary  | Reached skill level 5 in Long Blades
  3918 | Ossuary  | Reached skill level 5 in Fighting
  3958 | Ossuary  | Gained mutation: You regenerate a little health from kills.
                  | [demonic ancestry]
  3958 | Ossuary  | Reached XP level 8. HP: 51/62 MP: 8/8
  4129 | D:5      | Found a snail-covered altar of Cheibriados.
  4133 | D:5      | Found a sparkling altar of Nemelex Xobeh.
  4204 | D:5      | Noticed Menkaure
  4204 | D:5      | Noticed a two-headed ogre
  4214 | D:5      | HP: 2/62 [two-headed ogre (10)]
  4223 | D:5      | HP: 3/62 [??? (1)]
  4260 | D:6      | Found Catot's Weapon Emporium.
  4519 | D:5      | HP: 2/62 [two-headed ogre (9)]
  4523 | D:5      | Slain by a two-headed ogre

Illustrated notes

Levels and vault maps discovered:
D:1:      onia_arrival_pentagram, layout_basic, serial_shops, shop, shop,
          nicolae_shop_competitors_out_of_business, basic_ecumenical_altar
D:2:      layout_basic, chequers_mini_garden, corexii_item_surrounded_by_moat,
          serial_bayou_lake_a, uniq_sigmund, uniq_terence
D:3:      layout_basic, dk_noncrumbling_2
D:4:      layout_rooms, nicolae_gozag_seed_capital,
          nicolae_overflow_crystal_walls, minmay_crystal_water
D:5:      layout_basic, trog_three_pillars_becter,
          chequers_temple_overflow_statue_of_worship, temple_statues,
          enter_ossuary_1, uniq_menkaure, uniq_blork_the_orc
D:6:      layout_loops_ring, serial_shops, nicolae_shop_stone, shop, shop,
          nicolae_shop_behind_doors, nicolae_stop_n_shop_1,
          gammafunk_ghost_grave, lemuel_flamethrower_2

Skill      XL: |  1  2  3  4  5  6  7 |
---------------+----------------------+-----
Long Blades    | 2 3 4 5 |  5.5
Armour         | 3 4 |  4.5
Shields        | 3 4 |  4.0
Fighting       | 4 5 |  5.1
Dodging        | 2 |  2.8

Action                   |  1- 3 |  4- 6 |  7- 9 || total
-------------------------+-------+-------+-------++-------
Melee: Long sword        |    49 |   188 |   162 ||   399
       Touch             |       |       |    35 ||    35
       Punch             |       |       |     3 ||     3
  Use: Scroll            |     3 |     2 |       ||     5
       Potion            |     1 |     6 |     2 ||     9
Armor: Scale mail        |    53 |    95 |    64 ||   212
Dodge: Dodged            |    26 |    95 |    89 ||   210
Block: Buckler           |    21 |    60 |       ||    81

Table legend: (Time is in decaauts)
 A = Elapsed time spent in this place.
 B = Non-inter-level travel time spent in this place.
 C = Inter-level travel time spent in this place.
 D = Time resting spent in this place.
 E = Time spent auto-exploring this place.
 F = Levels seen in this place.
 G = Mean time per level.
                   A        B        C        D        E       F      G
               +--------+--------+--------+--------+--------+-----+--------+
         Total |   4615 |   4465 |    150 |      0 |   3584 |   7 |  659.3 |
       Dungeon |   4151 |   4001 |    150 |      0 |   3308 |   6 |  691.8 |
       Ossuary |    463 |    463 |      0 |      0 |    276 |   1 |  463.0 |
               +--------+--------+--------+--------+--------+-----+--------+

Top non-repeatable levels by time:
     D:2: 1072 daAuts
     D:3: 1028 daAuts
     D:4: 890 daAuts
     D:1: 741 daAuts
 Ossuary: 463 daAuts
     D:5: 417 daAuts
     D:6: 1 daAuts
